 Dungeon Crawl Stone Soup version 0.30.1-11-g7821555f0a (webtiles) character file.

Game seed: 18059070368128834370

3671 fireball365 the Cleaver (level 9, -10/80 HPs)
             Began as a Minotaur Fighter on Nov 3, 2023.
             Was an Initiate of Gozag.
             Mangled by a swamp worm (12 damage)
             ... on level 8 of the Dungeon.
             The game lasted 00:16:24 (8705 turns).

fireball365 the Cleaver (Minotaur Fighter)          Turns: 8705, Time: 00:16:24

Health: -10/80     AC: 15    Str: 24    XL:     9   Next: 89%
Magic:  8/8        EV:  8    Int:  5    God:    Gozag
Gold:   857        SH: 14    Dex: 11    Spells: 8/8 levels left

rFire   x . .        a - +1 war axe
rCold   + . .        H - +0 tower shield
rNeg    . . .        G - +0 chain mail
rPois   .            (helmet restricted)
rElec   .            n - +0 cloak
rCorr   .            A - +0 pair of gloves
SInv    .            u - +0 pair of boots
Will    .....        (no amulet) Stlth
                     p - ring of ice
HPRegen 0.33/turn    (no ring)
MPRegen 0.11/turn

%: no passive effects
@: very slow
A: horns 2, retaliatory headbutt
a: Renounce Religion, Potion Petition, Call Merchant, Bribe Branch


You were on level 8 of the Dungeon.
You worshipped Gozag.
Gozag was pleased with you.
You visited 2 branches of the dungeon, and saw 9 of its levels.

You collected 1109 gold pieces.
You spent 175 gold pieces at shops.
You paid 77 gold pieces to Gozag.

Inventory:

Hand Weapons
 a - a +1 war axe (weapon)
 i - the +7 scimitar of the Dripping Spider {heavy, rF- Dex+8 Stlth-}
   (You found it on level 3 of the Dungeon)

   Dex:       It affects your dexterity (+8).
   rF:        It makes you vulnerable to fire.
   Stlth:     It makes you less stealthy.
Missiles
 x - 3 throwing nets (quivered)
Armour
 n - a +0 cloak (worn)
 u - a +0 pair of boots (worn)
 A - a +0 pair of gloves (worn)
 G - a +0 chain mail (worn)
 H - a +0 tower shield (worn)
Jewellery
 p - a ring of ice (left hand)
Wands
 y - a wand of light (5)
 E - a wand of charming (9)
Scrolls
 b - a scroll of immolation {unknown}
 e - 5 scrolls of amnesia
 g - 4 scrolls of enchant armour
 l - a scroll of butterflies
 q - 3 scrolls of blinking
 s - a scroll of poison
 C - a scroll of enchant weapon
Potions
 d - 2 potions of might
 f - 6 potions of attraction
 h - a potion of invisibility
 k - a potion of degeneration {unknown}
 m - 4 potions of curing
 o - 2 potions of brilliance {unknown}
 t - 2 potions of mutation {unknown}
 v - a potion of berserk rage {unknown}
 w - 4 potions of flight
 z - 2 potions of cancellation {unknown}
 F - a potion of haste {unknown}


   Skills:
 + Level 7.7 Fighting
 + Level 10.3 Axes
 + Level 9.1 Armour
 + Level 4.1 Dodging
 + Level 1.4 Stealth
 + Level 7.4 Shields
 + Level 1.2 Evocations


You had 8 spell levels left.
You didn't know any spells.
Your spell library contained the following spells:

 Spells                   Type           Power      Damage    Failure   Level
 Magic Dart               Conj           0%         1d3       100%        1
 Blink                    Tloc           0%         N/A       100%        2
 Searing Ray              Conj           0%         2d4       100%        2
 Dazzling Flash           Conj/Hex       0%         N/A       100%        3
 Fulminant Prism          Conj/Hex       0%         3d5       100%        4
 Manifold Assault         Tloc           0%         N/A       100%        4
 Agony                    Necr           0%         N/A       100%        5
 Silence                  Hex/Air        0%         N/A       100%        5
 Malign Gateway           Summ/Tloc      0%         N/A       100%        7
 Storm Form               Tmut/Air       0%         N/A       100%        7
 Summon Horrible Things   Summ           0%         N/A       100%        8


Dungeon Overview and Level Annotations

Branches:
Dungeon (8/15)             Temple (1/1) D:4
   Lair: D:8-11

Altars:
Ashenzari
Cheibriados
Dithmenos
Elyvilon
Gozag
Hepliaklqana
Kikubaaqudgha
Makhleb
Nemelex Xobeh
Okawaru
Qazlal
Ru
Sif Muna
Trog
Uskayaw
Vehumet
Xom
Yredelemnul
Zin
The Shining One

Shops:
D:1 [   D:3 !


Innate Abilities, Weirdness & Mutations

You have a pair of horns on your head.
You reflexively headbutt those who attack you in melee.


Message History

The swamp worm bites you!
The swamp worm fires a harpoon shot at you.
The harpoon shot hits you!
You are yanked forward by the harpoon shot.
Splash!
You closely miss the swamp worm. You hit the swamp worm.
The swamp worm barely misses you. You block the swamp worm's attack.
Your unstable footing causes you to fumble your attack.
You block the swamp worm's attack. The swamp worm bites you.
You block the swamp worm's attack.
You hit the swamp worm.
The swamp worm is lightly wounded.
You slash the swamp worm! You block the swamp worm's attack.
The swamp worm bites you! x2
You closely miss the swamp worm.
The swamp worm is lightly wounded.
You hit the swamp worm. The swamp worm bites you.
You block the swamp worm's attack.
You hit the swamp worm. Your headbutt misses the swamp worm.
The swamp worm is lightly wounded.
You barely miss the swamp worm. You block the swamp worm's attack. x3
The swamp worm bites you but does no damage.
You hit the swamp worm. You headbutt the swamp worm!
The swamp worm is heavily wounded.
You hit the swamp worm. You block the swamp worm's attack. x2
Your unstable footing causes you to fumble your attack.
You block the swamp worm's attack. The swamp worm bites you!
* * * LOW HITPOINT WARNING * * *
The swamp worm bites you but does no damage.
You hit the swamp worm.
The swamp worm is heavily wounded.
You hit the swamp worm. You block the swamp worm's attack.
The swamp worm closely misses you. The swamp worm bites you!
* * * LOW HITPOINT WARNING * * *
You slash the swamp worm!
The swamp worm is almost dead.
You barely miss the swamp worm. You block the swamp worm's attack.
The swamp worm bites you!
You die...
Your body crumbles into a pile of gold.

#.#>..# #.. ~~≈~
.###..####.##~~###
......##.#.#~~##~##
#..........~~~#~~~#
#..........~≈##~~~##
.....#.....~~#~(~~~ #
..##.##.#.#~≈##$~~# ~#
.###..#.#..~~~#~w~#
~~# ##
##.#...##~~##@##~~#
####....(....~≈w~~≈~.#
............#~~~~~~~.#
............#.~~~~~#.#
............#........#
..)..........#########
..........##.
.....##....#. ......#
#....


You could see 2 swamp worms.

Vanquished Creatures
  Amaemon (D:7)
  Sigmund (D:5)
  A wyvern (D:7)
  An orc warrior (D:7)
  2 sky beasts
  2 centaurs
  A phantom (D:6)
  A kobold brigand (D:7)
  4 scorpions
  3 bullfrogs
  10 wights
  3 killer bees (D:7)
  A howler monkey (D:8)
  4 hounds
  2 jellies
  5 orc priests
  Crazy Yiuf (D:2)
  2 iguanas
  A sleepcap (D:4)
  2 gnoll boudas
  5 orc wizards
  24 gnolls
  17 adders
  A white imp (D:7)
  3 worms
  2 dart slugs
  21 orcs
  14 endoplasms
  7 giant cockroaches
  4 goblins
  5 hobgoblins
  4 jackals (D:2)
  9 quokkas
  6 ball pythons
  4 bats
  7 frilled lizards
  A hobgoblin zombie (D:5)
  6 kobolds
  6 rats
194 creatures vanquished.

Notes
Turn   | Place    | Note
-------+----------+-------------------------------------------
     0 | D:1      | fireball365 the Minotaur Fighter began the quest for the
                  | Orb.
     0 | D:1      | Reached XP level 1. HP: 19/19 MP: 0/0
   183 | D:1      | Reached XP level 2. HP: 27/27 MP: 1/1
   600 | D:1      | Found Fodd's Armour Shoppe.
  1024 | D:2      | Reached XP level 3. HP: 29/33 MP: 2/2
  1030 | D:2      | Reached skill level 3 in Axes
  1262 | D:2      | Found a runed translucent door.
  1263 | D:2      | Noticed Crazy Yiuf
  1358 | D:2      | Reached XP level 4. HP: 29/40 MP: 3/3
  1548 | D:2      | Reached skill level 4 in Axes
  1706 | D:2      | Reached skill level 1 in Dodging
  1731 | D:2      | Found a faded altar of an unknown god.
  1752 | D:2      | Reached XP level 5. HP: 46/47 MP: 4/4
  1989 | D:2      | Killed Crazy Yiuf
  2340 | D:3      | Found Gautepid's Distillery.
  2344 | D:3      | Bought a potion of heal wounds for 70 gold pieces
  2344 | D:3      | Bought a potion of curing for 42 gold pieces
  2505 | D:3      | Identified the +7 scimitar of the Dripping Spider {heavy,
                  | rF- Dex+8 Stlth-}
  2569 | D:3      | Reached skill level 5 in Axes
  2826 | D:3      | Reached XP level 6. HP: 47/53 MP: 5/5
  3023 | D:4      | Reached skill level 5 in Armour
  3123 | D:4      | Reached skill level 6 in Axes
  3275 | D:4      | Reached skill level 5 in Fighting
  3876 | D:4      | Reached XP level 7. HP: 45/61 MP: 6/6
  4022 | D:4      | Found a staircase to the Ecumenical Temple.
  4032 | Temple   | Entered the Ecumenical Temple
  4112 | Temple   | Became a worshipper of Gozag Ym Sagoz the Greedy
  4353 | D:4      | Found a shimmering blue altar of Sif Muna.
  4499 | D:5      | Entered Level 5 of the Dungeon
  4697 | D:5      | Reached skill level 7 in Axes
  4873 | D:5      | Reached skill level 1 in Stealth
  5160 | D:5      | Noticed Sigmund
  5174 | D:5      | Reached skill level 5 in Shields
  5188 | D:5      | Killed Sigmund
  5189 | D:5      | Reached XP level 8. HP: 47/70 MP: 7/7
  5205 | D:5      | Found a glowing golden altar of the Shining One.
  5810 | D:6      | Reached skill level 8 in Axes
  6071 | D:6      | Found an ancient bone altar of Kikubaaqudgha.
  6395 | D:6      | Found a hazy altar of Hepliaklqana.
  6479 | D:6      | Reached skill level 9 in Axes
  6695 | D:1      | Bought a +0 tower shield for 63 gold pieces
  7025 | D:7      | Reached XP level 9. HP: 58/78 MP: 8/8
  8033 | D:8      | Noticed Amaemon
  8203 | D:7      | Killed Amaemon
  8204 | D:7      | Reached skill level 10 in Axes
  8204 | D:7      | Reached skill level 1 in Evocations
  8704 | D:8      | HP: 1/80 [swamp worm (15)]
  8705 | D:8      | Mangled by a swamp worm

Illustrated notes

Levels and vault maps discovered:
D:1:      lightli_arrival_statue_moat, layout_rooms, serial_co_window_serial,
          co_window_paths_a, co_window_corner_a, co_window_paths_a,
          co_window_paths_b, co_window_of_opportunity_a, co_window_paths_b,
          co_window_corner_a, co_window_paths_c, co_window_of_opportunity_c,
          co_window_corner_b, co_window_paths_c, co_window_4corner_a,
          co_window_4corner_b, glass_columns_b, serial_shops, shop
D:2:      minmay_chambers_of_twos, layout_basic, basic_ecumenical_altar,
          uniq_crazy_yiuf_cottage
D:3:      layout_loops_corners, serial_shops, shop
D:4:      layout_basic, led_sif_pool, minmay_temple_entry_nine_rooms,
          roderic_lattice_a
D:5:      layout_loops_ring, tso_metal_star, enter_ossuary_3, uniq_sigmund
D:6:      layout_basic, general_overflow_altar, mainiacjoe_overflow_alcove_1
D:7:      layout_loops_cross
D:8:      layout_cave_pools, hangedman_abyss_or_decor_clamps,
          kennysheep_pointless_box, worms_lemuel, uniq_amaemon
Temple:   kb_temple_of_zot

Skill      XL: |  1  2  3  4  5  6  7  8  9 |
---------------+----------------------------+-----
Shields        | 4 5 7 |  7.4
Armour         | 4 5 6 7 9 |  9.1
Axes           | 3 4 5 6 7 9 10 | 10.3
Fighting       | 4 5 6 7 |  7.7
Dodging        | 1 2 3 4 |  4.1
Stealth        | 1 |  1.4
Evocations     | 1 |  1.2

Action                     |  1- 3 |  4- 6 |  7- 9 || total
---------------------------+-------+-------+-------++-------
  Melee: War axe           |    57 |   155 |   286 ||   498
         Headbutt          |     6 |    24 |    56 ||    86
  Evoke: Wand              |       |       |    10 ||    10
    Use: Scroll            |       |     4 |     8 ||    12
         Potion            |       |       |     2 ||     2
 Armour: Scale mail        |    31 |    66 |    58 ||   155
         Chain mail        |       |       |   116 ||   116
  Dodge: Dodged            |    38 |    70 |   137 ||   245
  Block: Buckler           |    13 |    28 |    33 ||    74
         Tower shield      |       |       |   177 ||   177
